 Dungeon Crawl Stone Soup version 0.20.0-10-g0535bb4 (webtiles) character file.

14602 wewlad1 the Grappler (level 11, -2/150 HPs)
             Began as a Troll Monk on June 6, 2017.
             Was a High Priest of Okawaru.
             Slain by an eight-headed hydra (13 damage)
             ... on level 3 of the Lair of Beasts.
             The game lasted 00:40:14 (9298 turns).

wewlad1 the Grappler (Troll Monk)                   Turns: 9298, Time: 00:40:14

Health: -2/150     AC: 10    Str: 29    XL:     11   Next: 90%
Magic:  9/11       EV: 16    Int:  6    God:    Okawaru [*****.]
Gold:   698        SH: 12    Dex: 12    Spells: 10/10 levels left

rFire    . . .     SeeInvis .   B - +0 morningstar
rCold    . . .     Gourm    +   x - +0 shield
rNeg     + . .     Faith    .   y - +1 robe {MR+}
rPois    .         Spirit   .   L - +1 hat {MR+}
rElec    .         Reflect  .   (no cloak)
rCorr    .         Harm     .   (gloves unavailable)
MR       ++...                  (boots unavailable)
Stlth    ..........             D - amulet of rage
Regen    0.8/turn               j - ring of positive energy
MPRegen  0.2/turn               t - +3 ring of protection

@: berserking, heroism, very quick
A: unfitting armour, claws 3, fast metabolism 3, gourmand, regeneration 1,
shaggy fur 1, tough skin 2
a: Heroism, Finesse, Renounce Religion, Evoke Berserk Rage


You were on level 3 of the Lair of Beasts.
You worshipped Okawaru.
Okawaru was extremely pleased with you.
You were completely stuffed.

You visited 2 branches of the dungeon, and saw 13 of its levels.

You collected 824 gold pieces.
You spent 126 gold pieces at shops.

Inventory:

Hand Weapons
 B - a +0 morningstar (weapon)
Armour
 a - a +0 robe
 x - a +0 shield (worn)
 y - a +1 robe of magic resistance (worn)
 L - a +1 hat of magic resistance (worn)
Jewellery
 j - a ring of positive energy (left claw)
 t - a +3 ring of protection (right claw)
 D - an amulet of rage (around neck)
 N - an uncursed amulet of the gourmand
Wands
 A - a wand of lightning (10/15)
 E - a wand of confusion (28/48)
 G - a wand of scattershot (1/9)
 K - a wand of iceblast (7/15)
 R - a wand of acid (6/15)
Scrolls
 e - 3 scrolls of amnesia {unknown}
 g - 6 scrolls of remove curse
 h - 8 scrolls of identify
 m - 11 scrolls of teleportation
 n - 4 scrolls of magic mapping {unknown}
 o - 2 scrolls of fog {unknown}
 q - 2 scrolls of blinking {unknown}
 r - 2 scrolls of fear {unknown}
 v - 3 scrolls of immolation {unknown}
 w - 6 scrolls of enchant weapon {unknown}
 H - a scroll of silence
 M - a scroll of enchant armour {unknown}
 O - a scroll of vulnerability {unknown}
 P - a scroll of holy word {unknown}
 Q - a scroll of noise {unknown}
Potions
 c - 3 potions of heal wounds
 d - 2 potions of berserk rage
 f - 2 potions of agility {unknown}
 i - 2 potions of haste {unknown}
 l - 6 potions of brilliance {unknown}
 p - 4 potions of resistance {unknown}
 s - 2 potions of curing {unknown}
 u - 2 potions of magic {unknown}
 z - 2 potions of lignification {unknown}
 I - a potion of cancellation {unknown}
 J - 3 potions of flight {unknown}
 T - a potion of mutation {unknown}
Comestibles
 b - 13 bread rations
 k - 4 meat rations
 C - 17 royal jellies
 F - 4 fruits
 S - 2 chunks of flesh


   Skills:
 + Level 4.1(9.1) Fighting
 + Level 7.2(12.2) Dodging
 + Level 4.6(9.6) Stealth
 + Level 5.4(10.4) Shields
 + Level 13.7(18.7) Unarmed Combat
 + Level 2.2 Invocations


You had 10 spell levels left.
You didn't know any spells.

Dungeon Overview and Level Annotations

Branches:
Dungeon (10/15)            Temple (0/1) D:6            Lair (3/6) D:10
 Spider (0/4) Lair:2
  Swamp: Lair:2-4    Shoals: Lair:2-4       Orc: D:9-12

Altars:
Dithmenos
Hepliaklqana
Makhleb
Okawaru
Ru
Xom

Shops:
D:8 ?


Innate Abilities, Weirdness & Mutations

You are too large for most types of armour.
You have claws for hands.
Your metabolism is lightning-fast.
You like to eat raw meat.
Your natural rate of healing is unusually fast.
You are covered in fur. (AC +1)
You have very tough skin. (AC +2)


Message History

A red film seems to cover your vision as you go berserk!
You feel yourself moving faster!
You feel mighty!
You block the eight-headed hydra's attack. x2
The eight-headed hydra bites you.
* * * LOW HITPOINT WARNING * * *
The eight-headed hydra bites you!
* * * LOW HITPOINT WARNING * * *
The eight-headed hydra closely misses you.
You block the eight-headed hydra's attack.
The eight-headed hydra bites you but does no damage. x2
You hit the eight-headed hydra.
The eight-headed hydra is lightly wounded.
The eight-headed hydra barely misses you.
The eight-headed hydra bites you!
* * * LOW HITPOINT WARNING * * *
The eight-headed hydra bites you.
* * * LOW HITPOINT WARNING * * *
The eight-headed hydra barely misses you.
The eight-headed hydra bites you!
You die...

.P### .... ...#
#.# #..# #..#
###...# .#....
##....#
...$...###..D..##
..........#.@...#
..............##
#...##.#.##.##
#..#.##.....P#
#.......!.#..#
##............#
#.#.<...........
#..............
#..<............


You could see an eight-headed hydra.

Vanquished Creatures
  Gastronok (D:9)
  5 death yaks
  A spiny frog (Lair:1)
  Joseph (D:8)
  A komodo dragon (Lair:1)
  A polar bear (D:10)
  Prince Ribbit (D:6)
  Grinder (D:4)
  A dream sheep (Lair:1)
  7 hippogriffs
  A centaur simulacrum (D:10)
  A wyvern (D:10)
  Sigmund (D:3)
  2 redbacks (Lair:2)
  A steam dragon (D:10)
  Grum (D:9)
  A yak (D:9)
  A basilisk (Lair:1)
  Duvessa (D:6)
  2 water moccasins (Lair:2)
  3 orc warriors
  5 ice beasts
  2 phantoms (D:7)
  A necrophage (D:4)
  4 sky beasts
  3 centaurs
  4 ogres
  9 wolves
  5 crocodiles (Lair:2)
  A big kobold (D:8)
  5 bullfrogs
  Dowan (D:6)
  A wyvern skeleton (D:10)
  A scorpion (D:6)
  A killer bee (D:6)
  2 electric eels (Lair:1)
  4 crimson imps
  A centaur zombie (D:7)
  A quasit (D:9)
  2 bullfrog zombies
  6 orc wizards
  5 jellies
  7 orc priests
  3 hounds
  3 bullfrog skeletons
  A centaur skeleton (D:10)
  2 iguanas
  18 worker ants
  A hound skeleton (D:9)
  A worker ant zombie (D:5)
  3 gnolls
  9 adders
  A shadow imp (D:9)
  A white imp (D:10)
  5 oozes (D:8)
  2 adder zombies
  2 adder skeletons
  A worm (D:2)
  A dart slug (D:1)
  5 leopard geckos
  37 orcs
  5 giant cockroaches
  6 goblins
  6 hobgoblins
  4 jackals
  5 quokkas
  A ball python (D:1)
  A ball python zombie (D:1)
  8 bats
  2 frilled lizards (D:3)
  12 kobolds
  A quokka skeleton (D:4)
  11 rats
  A butterfly (D:6)
265 creatures vanquished.

Notes
Turn   | Place    | Note
-------+----------+-------------------------------------------
     0 | D:1      | wewlad1 the Troll Monk began the quest for the Orb.
     0 | D:1      | Reached XP level 1. HP: 22/22 MP: 0/0
    85 | D:1      | Reached XP level 2. HP: 26/29 MP: 1/1
   503 | D:1      | Reached XP level 3. HP: 33/36 MP: 2/2
   711 | D:1      | Reached skill level 4 in Unarmed Combat
   773 | D:2      | Reached XP level 4. HP: 23/44 MP: 3/3
   824 | D:2      | Found a sacrificial altar of Ru.
  1292 | D:2      | Found an iron altar of Okawaru.
  1497 | D:3      | Noticed Sigmund
  1553 | D:3      | Killed Sigmund
  1553 | D:3      | Reached skill level 5 in Unarmed Combat
  1553 | D:3      | Reached XP level 5. HP: 49/52 MP: 4/4
  1553 | D:3      | Reached XP level 6. HP: 56/59 MP: 5/5
  1601 | D:3      | Found a faded altar of an unknown god.
  2151 | D:4      | Noticed Grinder
  2158 | D:4      | Paralysed by Grinder for 4 turns
  2169 | D:4      | Killed Grinder
  2169 | D:4      | Reached skill level 6 in Unarmed Combat
  2288 | D:4      | Reached XP level 7. HP: 66/66 MP: 6/6
  2427 | D:4      | Reached skill level 7 in Unarmed Combat
  2830 | D:5      | Entered Level 5 of the Dungeon
  2924 | D:2      | Became a worshipper of Warmaster Okawaru
  2924 | D:2      | Reached * piety under Okawaru
  2924 | D:2      | Reached ** piety under Okawaru
  3036 | D:5      | Reached skill level 8 in Unarmed Combat
  3036 | D:5      | Reached XP level 8. HP: 75/75 MP: 7/7
  3534 | D:6      | Noticed Duvessa
  3536 | D:6      | Noticed Dowan
  3541 | D:6      | Killed Duvessa
  3563 | D:6      | Killed Dowan
  3678 | D:6      | Reached skill level 1 in Shields
  3751 | D:6      | Noticed Prince Ribbit
  3762 | D:6      | Killed Prince Ribbit
  3762 | D:6      | Reached *** piety under Okawaru
  3762 | D:6      | Reached skill level 9 in Unarmed Combat
  3952 | D:6      | Found a shadowy altar of Dithmenos.
  3991 | D:6      | Found a staircase to the Ecumenical Temple.
  4017 | D:6      | Found a runed door.
  4030 | D:6      | Found a runed door.
  4057 | D:6      | Reached XP level 9. HP: 80/83 MP: 5/8
  4061 | D:6      | Reached skill level 1 in Invocations
  4554 | D:7      | Found a shimmering altar of Xom.
  4589 | D:7      | Reached skill level 5 in Dodging
  5081 | D:7      | Reached skill level 10 in Unarmed Combat
  5403 | D:8      | Reached **** piety under Okawaru
  5535 | D:8      | Found Siotodoumn's Magic Scroll Emporium.
  5546 | D:8      | Bought a scroll of teleportation for 36 gold pieces
  5546 | D:8      | Bought a scroll of silence for 90 gold pieces
  5797 | D:8      | Noticed Joseph
  5808 | D:8      | Killed Joseph
  5808 | D:8      | Reached skill level 11 in Unarmed Combat
  5808 | D:8      | Reached XP level 10. HP: 70/91 MP: 10/10
  5976 | D:9      | Noticed Grum
  5997 | D:9      | Killed Grum
  6177 | D:9      | Found a burning altar of Makhleb.
  6181 | D:9      | Noticed Gastronok
  6193 | D:9      | Killed Gastronok
  6193 | D:9      | Reached ***** piety under Okawaru
  6193 | D:9      | Reached skill level 12 in Unarmed Combat
  6455 | D:9      | Found a hazy altar of Hepliaklqana.
  6774 | D:10     | Entered Level 10 of the Dungeon
  6883 | D:10     | Reached XP level 11. HP: 94/98 MP: 9/11
  7085 | D:10     | Found a staircase to the Lair.
  7751 | Lair:1   | Entered Level 1 of the Lair of Beasts
  8059 | Lair:1   | Received a gift from Okawaru
  8060 | Lair:1   | Got a crude hand axe {god gift}
  8396 | Lair:2   | Noticed a death yak
  8396 | Lair:2   | Noticed a death yak
  8409 | Lair:1   | Killed a death yak
  8409 | Lair:1   | Reached skill level 5 in Shields
  8409 | Lair:1   | Reached skill level 13 in Unarmed Combat
  8428 | Lair:2   | Noticed a death yak
  8430 | Lair:2   | Noticed a death yak
  8431 | Lair:2   | Noticed a death yak
  8445 | Lair:1   | Killed a death yak
  8507 | Lair:1   | Killed a death yak
  8512 | Lair:1   | Killed a death yak
  8600 | Lair:2   | Killed a death yak
  8755 | Lair:2   | Received a gift from Okawaru
  9080 | Lair:2   | Found a hole to the Spider Nest.
  9278 | Lair:3   | Noticed an eight-headed hydra
  9298 | Lair:3   | Slain by an eight-headed hydra

Skill      XL: |  1  2  3  4  5  6  7  8  9 10 11 |
---------------+----------------------------------+-----
Unarmed Combat | 4 5 6 8 9 11 12 13 | 13.7
Dodging        | 3 4 5 6 7 |  7.2
Stealth        | 2 3 4 |  4.6
Fighting       | 3 4 |  4.1
Shields        | 1 3 4 5 |  5.4
Invocations    | 1 2 |  2.2

Action                   |  1- 3 |  4- 6 |  7- 9 | 10-12 || total
-------------------------+-------+-------+-------+-------++-------
Melee: Unarmed           |    76 |    80 |   347 |   309 ||   812
       Punch             |     2 |     1 |     1 |       ||     4
       Morningstar       |       |       |       |     2 ||     2
Invok: Heroism           |       |       |    11 |    10 ||    21
Evoke: Wand              |       |       |     1 |       ||     1
  Use: Scroll            |       |       |     9 |     1 ||    10
       Potion            |       |       |     1 |     1 ||     2
 Stab: Sleeping          |     3 |     1 |     9 |    10 ||    23
       Distracted        |     1 |       |       |       ||     1
  Eat: Chunk             |    10 |    14 |    35 |    32 ||    91
Armor: Robe              |    27 |    18 |    91 |    94 ||   230
Dodge: Dodged            |    47 |    44 |   110 |   153 ||   354
Block: Shield            |       |       |   116 |   150 ||   266
